 Dungeon Crawl Stone Soup version 0.28-a0-653-g7e9dba17c3 (webtiles) character file.

Game seed: 8464497628735343530

366 Zeldest the Skirmisher (level 6, -3/53 HPs)
             Began as a Ghoul Fighter on Oct 12, 2021.
             Slain by an ogre (7 damage)
             ... on level 5 of the Dungeon.
             The game lasted 00:03:24 (2320 turns).

Zeldest the Skirmisher (Ghoul Fighter)              Turns: 2320, Time: 00:03:25

Health: -3/53      AC: 11    Str: 22    XL:     6   Next: 68%
Magic:  5/5        EV:  7    Int:  3    God:
Gold:   99         SH:  4    Dex:  8    Spells: 5/5 levels left

rFire   . . .      SeeInvis .   a - +0 war axe
rCold   + . .      Faith    .   c - +0 buckler
rNeg    + + +      Spirit   .   l - +0 chain mail
rPois   ∞          Reflect  .   h - +0 helmet
rElec   .          Harm     .   (no cloak)
rCorr   .          Rampage  .   w - +0 pair of gloves
Will    .....                   (no boots)
Stlth   ..........              f - amulet of regeneration
HPRegen 0.00/turn               (no ring)
MPRegen 0.09/turn               (no ring)

@: inhibited regen
A: claws 1, cold resistance 1, negative energy resistance 3, inhibited
regeneration, torment resistance 2
a: no special abilities


You were on level 5 of the Dungeon.
You visited 1 branch of the dungeon, and saw 5 of its levels.

You collected 99 gold pieces.

Inventory:

Hand Weapons
 a - a +0 war axe (weapon)
Armour
 b - a +0 scale mail
 c - a +0 buckler (worn)
 h - a +0 helmet (worn)
 l - a +0 chain mail (worn)
 w - a +0 pair of gloves (worn)
Jewellery
 f - an amulet of regeneration (around neck)
Scrolls
 e - a scroll of holy word {unknown}
 i - a scroll of fog {unknown}
 j - 2 scrolls of identify {unknown}
 k - a scroll of immolation {unknown}
 m - 2 scrolls of noise {unknown}
 r - 2 scrolls of amnesia {unknown}
 t - a scroll of acquirement {unknown}
 u - a scroll of fear {unknown}
 v - a scroll of vulnerability {unknown}
 x - 2 scrolls of enchant weapon {unknown}
Potions
 d - 3 potions of might
 g - 3 potions of lignification {unknown}
 n - 2 potions of heal wounds {unknown}
 o - a potion of flight
 p - a potion of mutation {unknown}


   Skills:
 + Level 4.5 Fighting
 * Level 4.2 Axes
 + Level 3.8 Armour
 + Level 3.7 Shields


You had 5 spell levels left.
You didn't know any spells.
Your spell library contained the following spells:

 Spells                   Type           Power      Damage    Failure   Level
 Magic Dart               Conj           0%         1d3       99%         1
 Searing Ray              Conj           0%         2d4       100%        2
 Gell's Gravitas          Tloc           0%         N/A       100%        3
 Teleport Other           Tloc           0%         N/A       100%        3
 Fulminant Prism          Conj/Hex       0%         3d6       100%        4
 Dispersal                Tloc           0%         N/A       100%        6


Dungeon Overview and Level Annotations

Branches:
Dungeon (5/15)
 Temple: D:4-7

Altars:


Innate Abilities, Weirdness & Mutations

You thrive by killing the living.
You are immune to poison.
You have sharp fingernails.
Your flesh is cold resistant. (rC+)
You are immune to negative energy. (rN+++)
You do not regenerate when monsters are visible.
You are immune to unholy pain and torment.


Message History

The hound skeleton bites you but does no damage.
You slash the ogre!
The ogre is moderately wounded.
You hit the hound skeleton. The hound skeleton barely misses you.
The ogre hits you but does no damage.
You are too injured to fight recklessly!
Your shield and chain mail prevent you from hitting the ogre.
The ogre is moderately wounded.
You slash the hound skeleton! The hound skeleton barely misses you.
The hound skeleton closely misses you. The ogre closely misses you.
You hit the ogre.
The ogre is heavily wounded.
You hit the hound skeleton.
You destroy the hound skeleton!
The ogre hits you with a +0 giant club!
* * * LOW HITPOINT WARNING * * *
You aren't carrying any items that you can evoke.
Unknown command.
Throw: throwing net
Press: ? - help, Q - select action Shift-Dir - straight line, f - ogre
Aim: an ogre, wielding a +0 giant club (heavily wounded, 71% to hit)
You throw a throwing net. The throwing net hits the ogre.
The ogre is caught in the net!
The ogre is heavily wounded.
The ogre struggles against the net.
You barely miss the ogre.
The ogre is heavily wounded.
The ogre struggles against the net.
You catch the helpless ogre completely off-guard!
You hit the ogre.
The ogre is heavily wounded.
The ogre struggles against the net.
You slash the ogre!
The ogre is almost dead.
The ogre struggles against the net.
The net rips apart, and the ogre comes free!
You barely miss the ogre.
The ogre is almost dead.
The ogre hits you with a +0 giant club!
You die...

#...#####...#
#...#
####.#######
#...#
#.(.........
#...#
#.##########
....# #.#
.....# #.#
####### #.#
##.## #O@.#
#...8...#
#.^#...#..#
....#..8..#....
#..#....$..#..#
####.##.##.####
## ... ## #.#


You could see an ogre.

Vanquished Creatures
  A phantom (D:4)
  A water moccasin skeleton (D:5)
  An iguana (D:5)
  An orc wizard (D:4)
  3 hound skeletons
  3 adders (D:2)
  2 white imps
  An adder skeleton (D:4)
  3 dart slugs (D:1)
  9 orcs
  7 ball pythons
  4 bats
  12 endoplasms
  A giant cockroach (D:1)
  11 goblins
  8 hobgoblins
  6 jackals
  2 quokkas
  5 frilled lizards
  A jackal skeleton (D:4)
  13 kobolds
  4 rats
99 creatures vanquished.

Vanquished Creatures (others)
  5 plants
5 creatures vanquished.

Grand Total: 104 creatures vanquished

Notes
Turn   | Place    | Note
-------+----------+-------------------------------------------
     0 | D:1      | Zeldest the Ghoul Fighter began the quest for the Orb.
     0 | D:1      | Reached XP level 1. HP: 19/19 MP: 0/0
    10 | D:1      | Noticed an electric eel
    60 | D:1      | Found a faded altar of an unknown god.
    68 | D:1      | Reached XP level 2. HP: 23/26 MP: 1/1
   203 | D:1      | Reached XP level 3. HP: 26/31 MP: 2/2
   733 | D:2      | Reached XP level 4. HP: 37/40 MP: 3/3
  1773 | D:3      | Reached XP level 5. HP: 46/46 MP: 4/4
  2042 | D:4      | Noticed a phantom
  2050 | D:4      | Killed a phantom
  2051 | D:4      | Reached XP level 6. HP: 41/52 MP: 5/5
  2274 | D:4      | You fall into a shaft and drop 1 floor!
  2274 | D:5      | Entered Level 5 of the Dungeon
  2320 | D:5      | Slain by an ogre

Illustrated notes

Levels and vault maps discovered:
D:1:      arrival_aquarium_a, layout_loops_ring,
          shapermc_ecumenical_altar_starsandcircs
D:2:      layout_loops_ring, serial_forest, infiniplex_forest_clump_double,
          infiniplex_forest_clump_double, infiniplex_forest_lined_room_3,
          infiniplex_forest_clump_small, infiniplex_forest_corner_2,
          infiniplex_forest_side_room, infiniplex_forest_lined_1,
          infiniplex_forest_lined_4_way, infiniplex_forest_clump_long,
          infiniplex_forest_lined_room_3, minmay_small_reverse_x
D:3:      corexii_shack_village, layout_basic
D:4:      layout_basic
D:5:      wad_crossroads, layout_loops_ring, gammafunk_temple_overflow_wave,
          mainiacjoe_overflow_brackets, serial_shops, shop, shop,
          kennysheep_mini_moat

Skill      XL: |  1  2  3  4  5  6 |
---------------+-------------------+-----
Axes           | 2 3 4 |  4.2
Armour         | 3 |  3.8
Shields        | 3 |  3.7
Fighting       | 4 |  4.5

Action                   |  1- 3 |  4- 6 || total
-------------------------+-------+-------++-------
Melee: War axe           |   113 |   180 ||   293
Throw: Throwing net      |       |     1 ||     1
  Use: Potion            |       |     3 ||     3
 Stab: Held in net/web   |       |     1 ||     1
Armor: Scale mail        |    40 |       ||    40
       Chain mail        |    17 |   124 ||   141
Dodge: Dodged            |    54 |    69 ||   123
Block: Buckler           |    25 |    25 ||    50

Table legend: (Time is in decaauts)
 A = Elapsed time spent in this place.
 B = Non-inter-level travel time spent in this place.
 C = Inter-level travel time spent in this place.
 D = Time resting spent in this place.
 E = Time spent auto-exploring this place.
 F = Levels seen in this place.
 G = Mean time per level.
                   A        B        C        D        E       F      G
               +--------+--------+--------+--------+--------+-----+--------+
         Total |   2427 |   2379 |     48 |     12 |   1611 |   5 |  485.4 |
       Dungeon |   2427 |   2379 |     48 |     12 |   1611 |   5 |  485.4 |
               +--------+--------+--------+--------+--------+-----+--------+

Top non-repeatable levels by time:
     D:2: 773 daAuts
     D:1: 615 daAuts
     D:3: 604 daAuts
     D:4: 382 daAuts
     D:5: 52 daAuts
